 Dungeon Sprint DCSS version 0.19-a0-1922-g1e9a4c1 (webtiles) character file.

37919 LORDOFBUTT the Severer (level 13, -34/137 HPs)
             Began as a Hill Orc Fighter on Oct 24, 2016.
             Was the Champion of Beogh.
             Killed from afar by a lich (69 damage)
             ... with a crystal spear
             ... in the Dungeon (Sprint IX: "|||||||||||||||||||||||||||||").
             The game lasted 00:10:59 (3962 turns).

LORDOFBUTT the Severer (Hill Orc Fighter)           Turns: 3962, Time: 00:10:59

Health: -34/137    AC: 30    Str: 26    XL:     13   Next: 99%
Magic:  15/26      EV: 14    Int:  8    God:    Beogh [******]
Gold:   333        SH: 23    Dex: 13    Spells: 0 memorised, 12 levels left

rFire  . . .     SeeInvis .     p - +3 broad axe (freeze)
rCold  . . .     Gourm    .     B - +6 scale mail "Nurug" {rElec}
rNeg   . . .     Faith    .     I - +1 large shield
rPois  .         Spirit   .     C - +2 hat
rElec  +         Reflect  .     u - +2 cloak
rCorr  .         Harm     .     t - +2 pair of gloves
MR     .....     NoTele   +     y - +0 pair of boots
Stlth  ..........               (no amulet)
                                A - +5 ring of evasion
                                q - +3 ring of strength

@: no status effects
A: walk on water, horns 1, iridescent scales 1, thin skeletal structure 1
a: Smiting, Recall Orcish Followers, Give Item to Named Follower, Resurrection,
Renounce Religion


You were in the Dungeon.
You worshipped Beogh.
Beogh was exalted by your worship.
You were hungry.

You visited 1 branch You collected 1800 gold pieces.
You spent 1467 gold pieces at shops.

Inventory:

Hand Weapons
 p - a +3 broad axe of freezing (weapon)
 G - a +1 war axe of holy wrath
Armour
 c - a +0 shield
 s - a +1 chain mail
 t - a +2 pair of gloves (worn)
 u - a +2 cloak (worn)
 y - a +0 pair of boots (worn)
 B - the +6 scale mail "Nurug" (worn) {rElec}
   (You bought it in a shop in the Dungeon)

   It insulates you from electricity.
 C - a +2 hat (worn)
 I - a +1 large shield (worn)
Jewellery
 q - a +3 ring of strength (left hand)
 r - a +3 ring of strength
 A - a +5 ring of evasion (right hand)
 D - an uncursed ring of fire
 E - an uncursed ring of protection from magic
 F - an uncursed ring of protection from magic
Wands
 o - a wand of iceblast (6/15)
 J - a wand of iceblast (4/15)
Scrolls
 b - a scroll of fog
 f - a scroll of summoning
 k - 4 scrolls of blinking
 m - 4 scrolls of remove curse
 n - 2 scrolls of amnesia
 v - 2 scrolls of identify
 w - a scroll of fear
 K - 2 scrolls of enchant weapon
Potions
 d - 2 potions of might
 e - 7 potions of curing
 g - 3 potions of heal wounds
 h - 2 potions of haste
 i - 4 potions of magic
 j - a potion of berserk rage
 l - a potion of invisibility
 H - 2 potions of brilliance
 L - a potion of cancellation {unknown}
Comestibles
 a - 44 fruits
 x - 12 bread rations
 z - 11 meat rations


   Skills:
 + Level 19.2 Fighting
 + Level 20.4 Axes
 + Level 17.8 Armour
 - Level 0.1 Dodging
 + Level 17.9 Shields
 + Level 19.9 Invocations


You had 12 spell levels left.
You didn't know any spells.

Dungeon Overview and Level Annotations

Branches:
Dungeon (1/1)

Altars:
Cheibriados
Dithmenos
Elyvilon
Fedhas
Gozag
Hepliaklqana
Kikubaaqudgha
Makhleb
Nemelex Xobeh
Okawaru
Qazlal
Ru
Sif Muna
Trog
Uskayaw
Vehumet
Xom
Yredelemnul
Zin
The Shining One
Beogh
Jiyva
Lugonu

Shops:
D [=?*


Innate Abilities, Weirdness & Mutations

You can walk on water.
You have a pair of small horns on your head.
You are partially covered in iridescent scales. (AC +2)
You have a somewhat thin skeletal structure. (Dex +2, Stealth)


Message History

You hit the lich but do no damage. Your headbutt misses the lich.
The lich touches you but does no damage.
You closely miss the lich. You slice the lich!!
The lich is moderately damaged.
The lich casts a spell at you. The bolt of acid hits you!
You are splashed with acid!
The acid burns!
* * * LOW HITPOINT WARNING * * *
You slice the lich!!
The lich is heavily damaged.
You block the lich's attack.
Aiming: Smiting
Press: ? - help, Dir - move target cursor, f - lich Smite: a lich (heavily damaged)
You smite the lich!
The lich is severely damaged.
The lich points at you and mumbles some strange words.
The crystal spear hits you!
Ouch! That really hurt!
You die...

▓.▓.▓.▓.▓o▓.▓.▓.▓.▓.
▓.▓)▓.▓.▓.▓.▓.▓.▓.▓.
▓.▓.▓.▓.▓.▓.▓.▓.▓'▓.
▓D▓.▓.▓.▓o▓o▓.▓.▓.▓.
▓D▓.▓.▓.▓.▓o▓.▓.▓.▓.
▓.▓.▓.▓.▓.▓.▓.▓.▓.▓.
▓(▓.▓.▓.▓.▓o▓.▓.▓†▓.
▓.▓.▓.▓.▓.▓.▓.▓.▓†▓.
▓.▓@▓.▓.▓.▓o▓.▓.▓.▓.
▓DL.▓...▓...▓...▓...
▓▓▓▓▓▓▓▓▓▓▓▓▓▓▓▓▓▓▓▓


You could see an ice dragon and a lich.

Vanquished Creatures
  Frances (D)
  Gastronok (D)
  A nagaraja (D)
  2 stone giants (D)
  3 very ugly things (D)
  Snorg (D)
  An ettin (D)
  A yaktaur captain (D)
  An ice dragon (D)
  4 hydras (D)
  A naga warrior (D)
  A spriggan air mage (D)
  2 centaur warriors (D)
  Erica (D)
  A death yak (D)
  2 ogre magi (D)
  A deep troll earth mage (D)
  Urug (D)
  A shock serpent (D)
  A glowing orange brain (D)
  A naga ritualist (D)
  A harpy (D)
  A wolf spider (D)
  2 orc sorcerers (D)
  2 manticores (D)
  An ugly thing (D)
  A water nymph (D)
  2 black mambas (D)
  A guardian serpent (D)
  7 spiny frogs (D)
  A komodo dragon (D)
  2 yaktaurs (D)
  A demonic crawler (D)
  An efreet (D)
  2 jumping spiders (D)
  A troll (D)
  A tyrant leech (D)
  A merfolk (D)
  2 hornets (D)
  A slime creature (D)
  A blink frog (D)
  A snapping turtle (D)
  A redback (D)
  3 tarantellas (D)
  A shadow (D)
  A water elemental (D)
  A wyvern (D)
  2 yaks (D)
  7 vampire mosquitoes (D)
  An insubstantial wisp (D)
  2 nagas (D)
  3 water moccasins (D)
  An orc warrior (D)
  A sky beast (D)
  An eye of draining (D)
  A swamp drake (D)
  A boggart (D)
  3 crocodiles (D)
  3 bullfrogs (D)
  2 scorpions (D)
  2 crimson imps (D)
  3 orc priests (D)
  4 orc wizards (D)
  An adder skeleton (D)
  A leopard gecko (D)
  A bat (D)
  A bat zombie (D)
  A giant cockroach (D)
  A goblin (D)
  A jackal (D)
  A frilled lizard (D)
  A quokka skeleton (D)
115 creatures vanquished.

Vanquished Creatures (collateral kills)
  Psyche (D)
  An efreet (D)
  A slime creature (D)
  A vampire mosquito (D)
  4 orc warriors (D)
  A centaur (D)
9 creatures vanquished.

Vanquished Creatures (others)
  A fire giant (D)
  An orc knight (D)
  5 orc sorcerers (D)
  6 orc warriors (D)
  A swamp drake (D)
  3 orc priests (D)
  3 orc wizards (D)
  10 orcs (D)
30 creatures vanquished.

Grand Total: 154 creatures vanquished

Notes
Turn   | Place    | Note
-------+----------+-------------------------------------------
     0 | D        | LORDOFBUTT the Hill Orc Fighter began the quest for the Orb.
     0 | D        | Reached XP level 1. HP: 19/19 MP: 1/1
     7 | D        | Reached skill level 3 in Axes
    26 | D        | Noticed an orc priest
    26 | D        | Noticed a sky beast
    26 | D        | Noticed a crimson imp
    27 | D        | Reached XP level 2. HP: 28/28 MP: 2/2
    28 | D        | Became a worshipper of Beogh the Brigand
    57 | D        | Killed a crimson imp
    57 | D        | Reached skill level 5 in Fighting
    57 | D        | Reached skill level 4 in Axes
    57 | D        | Reached skill level 5 in Armour
    57 | D        | Reached XP level 3. HP: 25/36 MP: 3/3
    59 | D        | Killed a sky beast
    59 | D        | Reached * piety under Beogh
    59 | D        | Reached skill level 5 in Axes
    59 | D        | Reached skill level 5 in Shields
    59 | D        | Reached XP level 4. HP: 31/44 MP: 4/4
    65 | D        | Gained mutation: You have a somewhat thin skeletal structure. (Dex +2, Stealth) [mutagenic meat]
    66 | D        | Gained mutation: You have a pair of small horns on your head. [mutagenic meat]
    67 | D        | Gained mutation: You are partially covered in iridescent scales. (AC +2) [mutagenic meat]
    73 | D        | Found a roughly hewn altar of Beogh.
    73 | D        | Found a snail-covered altar of Cheibriados.
    73 | D        | Found a shadowy altar of Dithmenos.
    73 | D        | Found a white marble altar of Elyvilon.
    73 | D        | Found a blossoming altar of Fedhas.
    73 | D        | Found an opulent altar of Gozag.
    74 | D        | Found a hazy altar of Hepliaklqana.
    75 | D        | Found a viscous altar of Jiyva.
    76 | D        | Found an ancient bone altar of Kikubaaqudgha.
    77 | D        | Found a corrupted altar of Lugonu.
    78 | D        | Found a burning altar of Makhleb.
    79 | D        | Found a sparkling altar of Nemelex Xobeh.
    80 | D        | Found an iron altar of Okawaru.
    81 | D        | Found a stormy altar of Qazlal.
    82 | D        | Found a sacrificial altar of Ru.
   146 | D        | Found a deep blue altar of Sif Muna.
   147 | D        | Found a bloodstained altar of Trog.
   148 | D        | Found a hide-covered altar of Uskayaw.
   149 | D        | Found a radiant altar of Vehumet.
   150 | D        | Found a shimmering altar of Xom.
   151 | D        | Found a basalt altar of Yredelemnul.
   152 | D        | Found a glowing silver altar of Zin.
   153 | D        | Found a glowing golden altar of the Shining One.
   219 | D        | Noticed an eye of draining
   219 | D        | Noticed a troll
   222 | D        | Reached ** piety under Beogh
   222 | D        | Reached skill level 6 in Axes
   222 | D        | Reached skill level 1 in Invocations
   226 | D        | Reached XP level 5. HP: 45/52 MP: 0/7
   237 | D        | Killed a troll
   237 | D        | Reached skill level 8 in Axes
   237 | D        | Reached XP level 6. HP: 40/62 MP: 0/10
   241 | D        | Killed an eye of draining
   241 | D        | Reached skill level 9 in Axes
   241 | D        | Reached XP level 7. HP: 46/70 MP: 0/12
   255 | D        | Reached *** piety under Beogh
   354 | D        | Noticed a yak
   354 | D        | Noticed a shadow
   354 | D        | Noticed a slime creature
   357 | D        | Killed a slime creature
   363 | D        | Killed a shadow
   363 | D        | Reached skill level 10 in Fighting
   363 | D        | Reached skill level 10 in Axes
   366 | D        | Killed a yak
   366 | D        | Reached XP level 8. HP: 25/80 MP: 14/14
   367 | D        | Reached **** piety under Beogh
   707 | D        | Noticed a six-headed hydra
   707 | D        | Noticed a five-headed hydra
   707 | D        | Noticed a yak
   707 | D        | Noticed a komodo dragon
   711 | D        | Killed a komodo dragon
   711 | D        | Reached skill level 11 in Axes
   711 | D        | Reached skill level 10 in Armour
   735 | D        | Killed a five-headed hydra
   735 | D        | Reached skill level 12 in Axes
   735 | D        | Reached skill level 10 in Shields
   735 | D        | Reached skill level 10 in Invocations
   735 | D        | Reached XP level 9. HP: 33/90 MP: 4/17
   768 | D        | Killed a six-headed hydra
   788 | D        | Reached skill level 13 in Axes
   850 | D        | Reached ***** piety under Beogh
   850 | D        | Reached XP level 10. HP: 51/100 MP: 13/19
   994 | D        | Noticed a death yak
   994 | D        | Noticed a spiny frog
   994 | D        | Noticed a spiny frog
   994 | D        | Noticed a spiny frog
   994 | D        | Noticed a spiny frog
   997 | D        | Killed a spiny frog
  1005 | D        | Killed a death yak
  1008 | D        | Killed a spiny frog
  1011 | D        | Killed a spiny frog
  1011 | D        | Reached skill level 14 in Axes
  1013 | D        | Killed a spiny frog
  1026 | D        | Reached ****** piety under Beogh
  1229 | D        | Noticed a spiny frog
  1229 | D        | Noticed a spiny frog
  1229 | D        | Noticed a spiny frog
  1235 | D        | Killed a spiny frog
  1238 | D        | Killed a spiny frog
  1248 | D        | Killed a spiny frog
  1248 | D        | Reached XP level 11. HP: 40/110 MP: 21/21
  1260 | D        | Reached skill level 15 in Axes
  1652 | D        | Noticed Erica
  1671 | D        | Killed Erica
  1821 | D        | Gained Margrim as an ally
  2027 | D        | Found Naiweexe's General Store.
  2027 | D        | Noticed an orc sorcerer
  2027 | D        | Noticed an orc sorcerer
  2028 | D        | Noticed a soul eater
  2031 | D        | Found Urchumaf's Magic Scroll Shop.
  2031 | D        | Noticed an orc sorcerer
  2044 | D        | Found Narokloa's Jewellery Boutique.
  2051 | D        | Noticed an orc sorcerer
  2051 | D        | Found Tywiv's Armour Shop.
  2053 | D        | Noticed an orc sorcerer
  2059 | D        | Noticed an orc sorcerer
  2059 | D        | Killed an orc sorcerer
  2063 | D        | Noticed an orc sorcerer
  2070 | D        | Killed an orc sorcerer
  2152 | D        | Bought a +5 ring of evasion for 550 gold pieces
  2154 | D        | Bought the +6 scale mail "Nurug" {rElec} for 528 gold pieces
  2170 | D        | Bought a scroll of enchant weapon for 97 gold pieces
  2170 | D        | Bought 3 scrolls of enchant armour for 292 gold pieces
  2209 | D        | Noticed Gastronok
  2224 | D        | Killed Gastronok
  2224 | D        | Reached skill level 15 in Fighting
  2224 | D        | Reached skill level 16 in Axes
  2224 | D        | Reached skill level 15 in Invocations
  2262 | D        | Noticed Psyche
  2268 | D        | Killed Psyche
  2401 | D        | Noticed a centaur warrior
  2421 | D        | Noticed a centaur warrior
  2429 | D        | Noticed an ogre mage
  2430 | D        | Noticed an ogre mage
  2447 | D        | Your ally Margrim died
  2459 | D        | Killed a centaur warrior
  2471 | D        | Killed a centaur warrior
  2484 | D        | Killed an ogre mage
  2489 | D        | Noticed a red very ugly thing
  2493 | D        | Killed an ogre mage
  2493 | D        | Reached XP level 12. HP: 42/122 MP: 22/24
  2501 | D        | Killed a red very ugly thing
  2501 | D        | Reached skill level 17 in Axes
  2808 | D        | Noticed a stone giant
  2811 | D        | Killed a stone giant
  2811 | D        | Reached skill level 15 in Armour
  2811 | D        | Reached skill level 15 in Shields
  2812 | D        | Noticed a deep troll earth mage
  2824 | D        | Killed a deep troll earth mage
  2860 | D        | Noticed Urug
  2869 | D        | Killed Urug
  2909 | D        | Noticed Snorg
  2916 | D        | Killed Snorg
  2943 | D        | Noticed an eight-headed hydra
  2943 | D        | Noticed a seven-headed hydra
  2947 | D        | Killed a seven-headed hydra
  2953 | D        | Killed a nine-headed hydra
  2953 | D        | Reached skill level 18 in Axes
  3104 | D        | Reached XP level 13. HP: 45/133 MP: 25/25
  3476 | D        | Noticed a nagaraja
  3489 | D        | Killed a nagaraja
  3489 | D        | Reached skill level 19 in Axes
  3769 | D        | Noticed Frances
  3777 | D        | Killed Frances
  3868 | D        | Noticed a red very ugly thing
  3868 | D        | Noticed an ettin
  3868 | D        | Noticed a purple very ugly thing
  3875 | D        | Killed a purple very ugly thing
  3876 | D        | Noticed an ice dragon
  3881 | D        | Noticed a fire giant
  3890 | D        | Noticed a yaktaur captain
  3897 | D        | Killed a red very ugly thing
  3899 | D        | Killed an ettin
  3900 | D        | Noticed a stone giant
  3903 | D        | Noticed an ice dragon
  3903 | D        | Reached skill level 20 in Axes
  3904 | D        | Noticed an ice dragon
  3913 | D        | Killed an ice dragon
  3914 | D        | Noticed a lich
  3917 | D        | Killed a fire giant
  3939 | D        | Killed a yaktaur captain
  3941 | D        | Killed a stone giant
  3962 | D        | Killed from afar by a lich

Vault maps used:
D:        linesprint

Skill      XL: |  1  2  3  4  5  6  7  8  9 10 11 12 13 |
---------------+----------------------------------------+-----
Fighting       | 4 5 6 7 8 9 10 11 12 14 15 17 19 | 19.2
Axes           | 3 4 5 6 8 9 10 12 13 14 16 18 20 | 20.4
Armour         | 4 5 6 8 9 10 11 13 14 16 17 | 17.8
Shields        | 4 5 6 7 8 9 10 11 13 14 16 17 | 17.9
Invocations    | 3 6 8 10 12 14 16 17 19 | 19.9
Dodging        | |  0.1

Action                   |  1- 3 |  4- 6 |  7- 9 | 10-12 | 13-15 || total
-------------------------+-------+-------+-------+-------+-------++-------
Melee: War axe           |    47 |       |       |       |       ||    47
       Broad axe         |       |    20 |    57 |   236 |   118 ||   431
       Headbutt          |       |     2 |    14 |    70 |    34 ||   120
Invok: Convert to Beogh  |     1 |       |       |       |       ||     1
       Smiting           |       |       |     7 |    14 |     9 ||    30
Evoke: Wand              |       |       |     1 |       |       ||     1
  Use: Potion            |       |     2 |     1 |     2 |     3 ||     8
       Scroll            |       |       |       |     7 |       ||     7
 Stab: Confused          |       |       |       |     1 |       ||     1
  Eat: Chunk             |       |     3 |       |       |       ||     3
       Bread ration      |       |       |       |     1 |       ||     1
       Meat ration       |       |       |       |     1 |       ||     1
Armor: Scale mail        |    25 |       |       |    40 |    19 ||    84
       Chain mail        |       |    12 |    17 |    21 |       ||    50
Dodge: Dodged            |    13 |     5 |    16 |    48 |    23 ||   105
Block: Shield            |    28 |    15 |    44 |    34 |       ||   121
       Large shield      |       |       |       |   115 |   103 ||   218
